 Dungeon Crawl Stone Soup version 0.30-a0-989-g0d87f670db (webtiles) character file.

Game seed: 401897335008181722

61 jtron the Changer (level 3, -1/28 HPs)
             Began as a Demonspawn Wanderer on Apr 3, 2023.
             Slain by a hobgoblin (4 damage)
             ... led by Robin
             ... on level 4 of the Dungeon.
             The game lasted 00:05:30 (1442 turns).

jtron the Changer (Demonspawn Wanderer)             Turns: 1442, Time: 00:05:31

Health: -1/28      AC:  5    Str:  9    XL:     3   Next: 83%
Magic:  5/5        EV: 11    Int: 15    God:
Gold:   1441       SH:  0    Dex: 17    Spells: 4/5 levels left

rFire   . . .      SeeInvis .    a - +0 dagger
rCold   . . .      Faith    .    (no shield)
rNeg    . . .      Spirit   .    m - +0 robe
rPois   .          Reflect  .    (helmet currently unavailable)
rElec   .          Rampage  .    (no cloak)
rCorr   .                        (no gloves)
Will    .....                    (boots currently unavailable)
Stlth   ++                       (no amulet)
HPRegen 0.24/turn                f - ring of flight
MPRegen 0.09/turn                (no ring)

@: mighty, appendages, flying
A: horns 2, thin metallic scales 2, talons 1, agile 1
a: End Transformation


You were on level 4 of the Dungeon.
You had temporarily grown beastly horns.
You visited 1 branch of the dungeon, and saw 3 of its levels.

You collected 1441 gold pieces.

Inventory:

Hand Weapons
 a - a +0 dagger (weapon)
 i - a +0 sling
Missiles
 e - 7 stones
Armour
 m - a +0 robe (worn)
Jewellery
 f - a ring of flight (left hand)
Scrolls
 b - a scroll of brand weapon {unknown}
 d - a scroll of silence
 g - a scroll of blinking
 j - a scroll of magic mapping
Potions
 c - a potion of haste


   Skills:
 + Level 2.5 Fighting
 + Level 0.6 Short Blades
 - Level 2.0 Armour
 + Level 0.4 Dodging
 + Level 0.3 Stealth
 * Level 1.9 Spellcasting
 - Level 4.8 Transmutations
 * Level 0.1 Air Magic
 * Level 0.1 Poison Magic


You had 4 spell levels left.
You knew the following spells:

 Your Spells              Type           Power      Damage    Failure   Level
a - Beastly Appendage     Tmut           32%        N/A       3%          1

Your spell library contained the following spells:

 Spells                   Type           Power      Damage    Failure   Level
 Apportation              Tloc           2%         N/A       22%         1
 Necrotise                Necr           4%         1d4       22%         1
 Summon Small Mammal      Summ           4%         N/A       22%         1
 Spider Form              Tmut/Pois      8%         N/A       24%         3
 Cigotuvi's Dreadful Rot  Necr/Pois/Air  2%         N/A       32%         2
 Blink                    Tloc           2%         N/A       34%         2
 Mephitic Cloud           Conj/Pois/Air  1%         N/A       54%         3
 Petrify                  Tmut/Erth      8%         N/A       63%         4
 Manifold Assault         Tloc           1%         N/A       92%         4
 Haunt                    Necr/Summ      0%         N/A       100%        7
 Storm Form               Tmut/Air       4%         N/A       100%        7
 Infestation              Necr           0%         N/A       100%        8


Dungeon Overview and Level Annotations

Branches:
Dungeon (2/15)

Altars:

Annotations:
D:4 Robin


Innate Abilities, Weirdness & Mutations

You have temporarily grown beastly horns.
You are mostly covered in thin metallic scales. (AC +3)
You have sharp toenails.
You are agile. (Dex +4, Str/Int -1)


Message History

You closely miss the goblin. Your headbutt misses the goblin.
The goblin closely misses you. The goblin hits you with a +0 club.
The hobgoblin hits you.
You closely miss the goblin. You claw the goblin.
You kill the goblin!
The goblin barely misses you. The hobgoblin barely misses you.
A goblin comes into view. It is wielding a +0 club.
You barely miss the goblin.
The goblin shouts!
You claw the goblin.
The goblin is severely wounded.
You hear a shout!
The goblin hits you but does no damage. The goblin barely misses you.
The hobgoblin completely misses you.
You feel very mighty all of a sudden. The goblin hits you with a +0 club.
The goblin completely misses you. The hobgoblin hits you.
Robin says, "My goblins will feast on your bones."
You hit the goblin.
You kill the goblin!
The hobgoblin misses you.
Robin hits you from afar with a +0 spear.
The goblin closely misses you.
An orc comes into view. It is wielding a +0 club.
You completely miss the hobgoblin. Your kick misses the hobgoblin.
The goblin hits you with a +0 dagger. The hobgoblin barely misses you.
The hobgoblin hits you.
* * * LOW HITPOINT WARNING * * *
Robin flexes a bicep menacingly.
Robin hits you from afar with a +0 spear.
* * * LOW HITPOINT WARNING * * *
You completely miss the hobgoblin. You claw the hobgoblin.
You kill the hobgoblin!
The hobgoblin no longer looks unusually strong.
The goblin hits you but does no damage. Robin barely misses you.
The hobgoblin hits you.
* * * LOW HITPOINT WARNING * * *
You closely miss the hobgoblin. Your kick misses the hobgoblin.
The goblin closely misses you. The hobgoblin hits you.
You die... #. .. o# .## ##.. #gg

##g# #g@#
########g##
#.....#..#
#.#..##.##
#.##.....#
#.######...#
## #.###
##...# #.
#...#
##...##.## #
###.#
#.....### .


You could see Robin, an orc, 2 hobgoblins and 2 goblins.

Vanquished Creatures
  2 gnolls (D:2)
  5 dart slugs
  A ball python (D:1)
  2 endoplasms (D:1)
  A giant cockroach (D:1)
  4 goblins
  3 hobgoblins
  4 jackals (D:2)
  A kobold (D:1)
  2 quokkas
  2 bats
  A rat (D:1)
28 creatures vanquished.

Vanquished Creatures (others)
  3 plants (D:2)
3 creatures vanquished.

Grand Total: 31 creatures vanquished

Notes
Turn   | Place    | Note
-------+----------+-------------------------------------------
     0 | D:1      | jtron the Demonspawn Wanderer began the quest for the Orb.
     0 | D:1      | jtron set off with the following items: a +0 dagger, a +0
                  | ring mail, a potion of haste, a scroll of silence; and the
                  | following spell memorised: Beastly Appendage; and the
                  | following spells available to memorise: Spider Form,
                  | Petrify.
     0 | D:1      | Reached XP level 1. HP: 16/16 MP: 2/2
   177 | D:1      | Found a faded altar of an unknown god.
   331 | D:1      | Gained mutation: You are partially covered in thin metallic
                  | scales. (AC +2) [demonic ancestry]
   331 | D:1      | Reached XP level 2. HP: 16/22 MP: 1/4
   340 | D:1      | Got the Almanac of the Clam
   971 | D:2      | Identified a scroll of acquirement
   971 | D:2      | Acquired 1352 gold pieces
   992 | D:2      | Gained mutation: You are agile. (Dex +4, Str/Int -1)
                  | [potion of mutation]
   992 | D:2      | Gained mutation: You have sharp toenails. [potion of
                  | mutation]
  1121 | D:2      | Gained mutation: You are mostly covered in thin metallic
                  | scales. (AC +3) [demonic ancestry]
  1121 | D:2      | Reached XP level 3. HP: 25/28 MP: 5/5
  1125 | D:2      | HP: 1/28 [gnoll/+0 flail (2)]
  1227 | D:2      | You are sucked into a shaft and drop 2 floors!
  1426 | D:4      | Noticed Robin
  1442 | D:4      | Slain by a hobgoblin

Illustrated notes

Levels and vault maps discovered:
D:1:      heliophobic_arrival_dark_side_of_the_moon, layout_basic,
          ebering_ecumenical_altar_box
D:2:      layout_basic, serial_bayou_ford_a
D:4:      minmay_skewed_foursquare, layout_loops_ring,
          minmay_temple_entry_offerings, uniq_robin, uniq_crazy_yiuf_cottage

Skill      XL: |  1  2  3 |
---------------+----------+-----
Armour         | 2 |  2.0
Fighting       | |  2.5
Short Blades   | |  0.6
Dodging        | |  0.4
Stealth        | |  0.3
Spellcasting   | |  1.9
Transmutations | |  4.8
Air Magic      | |  0.1
Poison Magic   | |  0.1

Action                     || total
---------------------------++-------
  Melee: Dagger            ||   117
         Kick              ||    23
         Headbutt          ||    12
   Cast: Beastly Appendage ||     9
    Use: Scroll            ||     9
         Potion            ||     3
   Stab: Sleeping          ||     1
 Armour: Ring mail         ||    25
         Robe              ||    21
  Dodge: Dodged            ||    79

Table legend: (Time is in decaauts)
 A = Elapsed time spent in this place.
 B = Non-inter-level travel time spent in this place.
 C = Inter-level travel time spent in this place.
 D = Time resting spent in this place.
 E = Time spent auto-exploring this place.
 F = Levels seen in this place.
 G = Mean time per level.
                   A        B        C        D        E       F      G
               +--------+--------+--------+--------+--------+-----+--------+
         Total |   1440 |   1309 |    131 |    263 |    634 |   3 |  480.0 |
       Dungeon |   1440 |   1309 |    131 |    263 |    634 |   3 |  480.0 |
               +--------+--------+--------+--------+--------+-----+--------+

Top non-repeatable levels by time:
     D:1: 873 daAuts
     D:2: 353 daAuts
     D:4: 214 daAuts
